 Dungeon Crawl Stone Soup version 0.28.0-47-ge53b351184 (webtiles) character file.

Game seed: 17686198384867378296

3155 NinjaNoafa the Ruffian (level 9, 0/88 HPs)
             Began as a Troll Fighter on May 4, 2022.
             Was an Initiate of Gozag.
             Slain by a skeletal warrior
             ... wielding a +0 glaive
             ... led by a skeletal warrior
              (10 damage)
             ... on level 8 of the Dungeon.
             The game lasted 00:15:59 (5832 turns).

NinjaNoafa the Ruffian (Troll Fighter)              Turns: 5832, Time: 00:16:00

Health: 0/88       AC:  7    Str: 30    XL:     9   Next: 62%
Magic:  8/8        EV: 10    Int:  4    God:    Gozag
Gold:   236        SH:  9    Dex: 15    Spells: 8/8 levels left

rFire   . . .      SeeInvis .     - Unarmed
rCold   . . .      Faith    .   b - +0 kite shield
rNeg    . . .      Spirit   .   a - +0 robe
rPois   .          Reflect  .   (helmet restricted)
rElec   .          Harm     .   e - +0 cloak
rCorr   .          Rampage  .   (gloves unavailable)
Will    .....                   (boots unavailable)
Stlth   +.........              (no amulet)
HPRegen 1.04/turn               j - ring of flight
MPRegen 0.11/turn               p - +6 ring of dexterity

@: mighty, flying, invisible
A: large, unfitting armour, claws 3, regeneration 1, shaggy fur 1, tough skin 1,
iridescent scales 1
a: Renounce Religion, Potion Petition, Call Merchant, Bribe Branch


You were on level 8 of the Dungeon.
You worshipped Gozag.
Gozag was aware of your devotion.
You visited 2 branches of the dungeon, and saw 9 of its levels.

You collected 593 gold pieces.
You paid 357 gold pieces to Gozag.

Inventory:

Missiles
 h - 7 poisoned darts (quivered)
Armour
 a - a +0 robe (worn)
 b - a +0 kite shield (worn)
 e - a +0 cloak (worn)
Jewellery
 f - a ring of ice
 j - a ring of flight (left claw)
 p - a +6 ring of dexterity (right claw)
 s - a ring of willpower
Wands
 m - a wand of iceblast (17)
 q - a wand of mindburst (3)
Scrolls
 c - a scroll of amnesia
 l - a scroll of immolation
 r - a scroll of fog
Potions
 g - a potion of magic


   Skills:
 + Level 5.0 Fighting
 + Level 5.0 Dodging
 + Level 4.9 Shields
 * Level 7.7 Unarmed Combat
 - Level 5.0 Evocations


You had 8 spell levels left.
You didn't know any spells.
Your spell library contained the following spells:

 Spells                   Type           Power      Damage    Failure   Level
 Animate Skeleton         Necr           0%         N/A       77%         1
 Pain                     Necr           0%         1d4       77%         1
 Scorch                   Fire           0%         2d5       88%         2
 Ozocubu's Armour         Ice            0%         N/A       98%         3
 Vampiric Draining        Necr           0%         2d6       98%         3
 Flame Wave               Conj/Fire      0%         2d4       100%        4
 Passage of Golubria      Tloc           0%         N/A       100%        4
 Silence                  Hex/Air        0%         N/A       100%        5
 Summon Cactus Giant      Summ           0%         N/A       100%        6
 Ozocubu's Refrigeration  Ice            0%         4d5       100%        7
 Lehudib's Crystal Spear  Conj/Erth      0%         10d2      100%        8


Dungeon Overview and Level Annotations

Branches:
Dungeon (8/15)             Temple (1/1) D:7
   Lair: D:8-11

Altars:
Ashenzari
Cheibriados
Fedhas
Gozag
Hepliaklqana
Kikubaaqudgha
Makhleb
Nemelex Xobeh
Okawaru
Qazlal
Ru
Trog
Uskayaw
Vehumet
Wu Jian
Xom
Yredelemnul
Zin
The Shining One

Shops:
D:5 :   D:8 [

Annotations:
D:8 Gastronok


Innate Abilities, Weirdness & Mutations

You are too large for most types of armour.
You have claws for hands.
Your natural rate of healing is unusually fast.
You are covered in fur. (AC +1)
You have tough skin. (AC +1)
You are partially covered in iridescent scales. (AC +2)


Message History

Gastronok puts on a burst of speed!
You claw the skeletal warrior!
The skeletal warrior is moderately damaged.
The skeletal warrior barely misses you.
Okay, then.
The skeletal warrior hits you from afar with a +0 glaive!!
A skeletal warrior comes into view. It is wielding a +0 mace.
The skeletal warrior hits you from afar with a +0 glaive!!
* * * LOW HITPOINT WARNING * * *
The skeletal warrior moves out of view.
The skeletal warrior barely misses you.
You hear the slow hiss of a very distant avalanche of sand. [a] - 460 gold - curing, magic, invisibility and might [b] - 324 gold - invisibility and might [c] - 672 gold - haste, brilliance, resistance and invisibility Purchase which effect?
You no longer have enough gold to petition Gozag for potion effects.
You fade into invisibility!
You feel very mighty all of a sudden.
The skeletal warrior hits you with a +0 glaive!
* * * LOW HITPOINT WARNING * * *
You barely miss the skeletal warrior.
The skeletal warrior is lightly damaged.
The skeletal warrior hits you with a +0 glaive!
* * * LOW HITPOINT WARNING * * *
You claw the skeletal warrior!
The skeletal warrior is moderately damaged.
The skeletal warrior closely misses you.
You claw the skeletal warrior!
The skeletal warrior is lightly damaged.
A skeletal warrior comes into view. It is wielding a +0 war axe.
The skeletal warrior barely misses you.
You scratch the skeletal warrior but do no damage.
The skeletal warrior is lightly damaged.
The skeletal warrior misses you. The skeletal warrior barely misses you.
You catch the helpless skeletal warrior completely off-guard!
You scratch the skeletal warrior but do no damage.
The skeletal warrior is lightly damaged.
The skeletal warrior hits you with a +0 glaive!
You die...
Your body crumbles into a pile of gold.

## #############
...##...#..#.#..######
.........#...........#
.........#..)........#
.......[.#...........#
.......<.#...........#
.........#...........#
.........#...........#
.........#.....@z....#
...####.##.####z##...#
#...#######.####.######
§...... ..#.....#
§...... . #...w.#
.§..... #.....# §......
#.....# ....... #.....#
....... #.....#


You could see Gastronok (swift) and 2 skeletal warriors.

Vanquished Creatures
  Grinder (D:4)
  Sigmund (D:2)
  Eustachio (D:4)
  Edmund (D:4)
  2 water moccasins
  2 sky beasts
  2 orc warriors (D:7)
  A necrophage (D:7)
  2 ogres
  A scorpion (D:6)
  4 bullfrogs
  A wyvern zombie (D:6)
  4 killer bees (D:7)
  5 wights (D:7)
  2 bullfrog zombies
  2 centaur zombies (D:5)
  3 hounds
  4 orc priests
  6 jellies
  A gnoll shaman (D:5)
  Natasha (thrice) (D:4)
  An iguana (D:6)
  An orc wizard (D:7)
  A killer bee zombie (D:4)
  4 gnolls (D:5)
  A howler monkey skeleton (D:7)
  7 adders
  2 ufetubi
  5 dart slugs
  14 orcs
  9 ball pythons
  4 bats
  9 endoplasms
  5 giant cockroaches
  3 goblins
  4 hobgoblins
  7 kobolds
  4 quokkas
  2 frilled lizards (D:2)
  5 rats
137 creatures vanquished.

Vanquished Creatures (collateral kills)
  An orc (D:4)
1 creature vanquished.

Grand Total: 138 creatures vanquished

Notes
Turn   | Place    | Note
-------+----------+-------------------------------------------
     0 | D:1      | NinjaNoafa the Troll Fighter began the quest for the Orb.
     0 | D:1      | Reached XP level 1. HP: 22/22 MP: 0/0
   104 | D:1      | Reached XP level 2. HP: 27/29 MP: 1/1
   308 | D:1      | Reached XP level 3. HP: 34/36 MP: 2/2
   775 | D:2      | Noticed Sigmund
   795 | D:2      | Killed Sigmund
   796 | D:2      | Reached skill level 3 in Unarmed Combat
   796 | D:2      | Reached XP level 4. HP: 24/45 MP: 3/3
   796 | D:2      | Reached XP level 5. HP: 29/53 MP: 4/4
   944 | D:2      | Reached skill level 4 in Unarmed Combat
  1482 | D:3      | Reached XP level 6. HP: 61/61 MP: 5/5
  2285 | D:4      | Noticed a water moccasin
  2295 | D:4      | Killed a water moccasin
  2296 | D:4      | Reached skill level 1 in Evocations
  2398 | D:4      | Noticed Edmund
  2428 | D:4      | Killed Edmund
  2429 | D:4      | Reached XP level 7. HP: 26/67 MP: 6/6
  2492 | D:4      | Noticed Eustachio
  2523 | D:4      | Killed Eustachio
  2560 | D:4      | Noticed Natasha
  2606 | D:4      | Killed Natasha
  2708 | D:4      | Reached skill level 5 in Unarmed Combat
  2787 | D:4      | Noticed Grinder
  2789 | D:4      | Paralysed by Grinder for 2 turns
  2802 | D:4      | Killed Grinder
  2910 | D:4      | Noticed Natasha
  2920 | D:4      | Killed Natasha
  2921 | D:4      | Reached XP level 8. HP: 68/78 MP: 7/7
  2988 | D:4      | Noticed Natasha
  2994 | D:4      | Killed Natasha
  3038 | D:5      | Entered Level 5 of the Dungeon
  3125 | D:5      | Found an opulent altar of Gozag.
  3133 | D:5      | Became a worshipper of Gozag Ym Sagoz the Greedy
  3658 | D:5      | Found Hiklij's Self-Improvement Boutique.
  3685 | D:5      | Found a glowing silver altar of Zin.
  3736 | D:5      | Found an iron altar of Okawaru.
  3736 | D:5      | Found an ancient bone altar of Kikubaaqudgha.
  4160 | D:6      | Reached skill level 5 in Evocations
  4187 | D:6      | Noticed a gargoyle
  4187 | D:6      | Noticed a green ugly thing
  4358 | D:6      | Reached skill level 6 in Unarmed Combat
  4723 | D:7      | Reached XP level 9. HP: 77/85 MP: 8/8
  4929 | D:7      | Reached skill level 7 in Unarmed Combat
  5098 | D:7      | Gained mutation: You are partially covered in iridescent
                  | scales. (AC +2) [potion of mutation]
  5433 | D:7      | Found a staircase to the Ecumenical Temple.
  5449 | D:7      | Reached skill level 5 in Fighting
  5467 | Temple   | Entered the Ecumenical Temple
  5625 | D:8      | Noticed Gastronok
  5625 | D:8      | Found Uthro's Antique Armour Shoppe.
  5636 | D:8      | Noticed a tengu warrior
  5639 | D:8      | HP: 4/88 [hornet zombie (11)]
  5650 | D:7      | Reached skill level 5 in Dodging
  5802 | D:8      | Noticed a skeletal warrior
  5812 | D:8      | Noticed a skeletal warrior
  5830 | D:8      | Noticed a skeletal warrior
  5832 | D:8      | Slain by a skeletal warrior

Illustrated notes

Levels and vault maps discovered:
D:1:      heliophobic_arrival_enchanted_forest, layout_loops_ring, st_stairs_4,
          minivault_27
D:2:      layout_rooms, uniq_sigmund
D:3:      layout_basic
D:4:      layout_loops_cross, uniq_edmund, uniq_eustachio, uniq_natasha,
          uniq_grinder
D:5:      layout_basic, nicolae_overflow_hidden_temple, grunt_gozag_statues,
          nicolae_shop_self_help
D:6:      layout_basic, lightli_corner_chamber
D:7:      layout_basic, minmay_temple_entry_trees, minmay_checkerbox
D:8:      minmay_bloctagon_deflated, layout_gridville, lair_entry_dummy,
          serial_shops, nicolae_stop_n_shop_2, enter_ossuary_5, uniq_gastronok,
          uniq_maurice
Temple:   regret_index_temple_waves

Skill      XL: |  1  2  3  4  5  6  7  8  9 |
---------------+----------------------------+-----
Fighting       | 3 4 5 |  5.0
Dodging        | 3 4 5 |  5.0
Shields        | 3 4 |  4.9
Unarmed Combat | 3 4 5 6 7 |  7.7
Evocations     | 2 3 5 |  5.0

Action                   |  1- 3 |  4- 6 |  7- 9 || total
-------------------------+-------+-------+-------++-------
Melee: Unarmed           |    76 |    90 |   253 ||   419
Throw: Boomerang         |       |    36 |     1 ||    37
       Dart              |       |     5 |    10 ||    15
Invok: Potion Petition   |       |       |     1 ||     1
Evoke: Wand              |       |       |    11 ||    11
  Use: Scroll            |     1 |       |    10 ||    11
       Potion            |     3 |     1 |    11 ||    15
 Stab: Sleeping          |       |       |     1 ||     1
       Invisible         |       |       |     1 ||     1
Armor: Robe              |    31 |    32 |    68 ||   131
       Skin              |       |       |     3 ||     3
Dodge: Dodged            |    33 |    39 |    96 ||   168
Block: Kite shield       |    36 |    50 |   103 ||   189
